 Dungeon Crawl Stone Soup version 0.32-a0-938-g40ac7a0 (webtiles) character file.

Game seed: 804577230391573326

65577 9stopf the Fighter (level 15, -3/108 HPs)
             Began as an Octopode Ice Elementalist on Apr 20, 2024.
             Was a High Priest of Cheibriados.
             Slain by a storm dragon simulacrum (11 damage)
             ... in an ice cave.
             The game lasted 00:50:05 (19087 turns).

9stopf the Fighter (Octopode Ice Elementalist)     Turns: 19087, Time: 00:50:05

Health: -3/108     AC:  1    Str: 19    XL:     15   Next: 16%
Magic:  30/37      EV: 20    Int: 37    God:    Cheibriados [*****.]
Gold:   763        SH: 16    Dex: 28    Spells: 13/32 levels left

rFire   + + +        D - +0 scimitar (flame)
rCold   + + .        I - +2 kite shield
rNeg    + . .        (helmet restricted)
rPois   +            C - amulet of Cahih {Acrobat rF++ rC+ rCorr Slay-2}
rElec   +            g - +5 ring of evasion
rCorr   +            e - ring of magical power
SInv    +            s - ring of see invisible
Will    +....        v - ring of the Cricket {rElec rF+ rC+ rCorr Int+6}
Stlth   ++++         y - ring of poison resistance
HPRegen 0.38/turn    H - ring of positive energy
MPRegen 0.25/turn    t - ring of protection from fire
                     (no ring)

%: acrobat
@: studying Shapeshifting, very slow
A: almost no armour, amphibious, 8 rings, camouflage 1, gelatinous body 1,
(nimble swimmer 1), tentacles
a: Renounce Religion, Bend Time, Temporal Distortion, Slouch, Step From Time


You were in an ice cave.
You worshipped Cheibriados.
Cheibriados was extremely pleased with you.
You visited 5 branches of the dungeon, and saw 19 of its levels.
You also visited: Ice Cave.

You collected 2389 gold pieces.
You spent 1626 gold pieces at shops.

Inventory:

Hand Weapons
 D - a +0 scimitar of flaming (weapon)
 G - a +2 double sword
Missiles
 J - a curare-tipped dart (quivered)
Armour
 A - a +0 tower shield
 I - a +2 kite shield (worn)
Jewellery
 e - a ring of magical power (right tentacle)
 g - a +5 ring of evasion (left tentacle)
 h - an amulet of reflection
 s - a ring of see invisible (on tentacle)
 t - a ring of protection from fire (on tentacle)
 v - the ring of the Cricket (on tentacle) {rElec rF+ rC+ rCorr Int+6}
   (You acquired it on level 6 of the Dungeon)

   [ring of intelligence]

   Int+6:     It affects your intelligence (+6).
   rF+:       It protects you from fire.
   rC+:       It protects you from cold.
   rElec:     It insulates you from electricity.
   rCorr:     It protects you from acid and corrosion.
 y - a ring of poison resistance (on tentacle)
 C - the amulet of Cahih (around mantle) {Acrobat rF++ rC+ rCorr Slay-2}
   (You bought it in a shop on level 9 of the Dungeon)

   [amulet of the acrobat]

   Acrobat:   It increases your evasion while moving and waiting.
   Slay-2:    It affects your accuracy & damage with ranged weapons and melee
   (-2).
   rF++:      It greatly protects you from fire.
   rC+:       It protects you from cold.
   rCorr:     It protects you from acid and corrosion.
 H - a ring of positive energy (on tentacle)
Wands
 q - a wand of polymorph (24)
 x - a wand of flame (3)
 F - a wand of warping (1)
Scrolls
 b - a scroll of poison
 f - 2 scrolls of blinking
 o - 2 scrolls of vulnerability
 p - 2 scrolls of teleportation
 r - a scroll of fog
 u - a scroll of amnesia
 w - a scroll of immolation
 K - a scroll of silence
Potions
 a - 3 potions of magic
 c - 3 potions of heal wounds
 d - 3 potions of attraction
 i - 2 potions of ambrosia
 j - 2 potions of enlightenment
 k - 3 potions of haste
 l - 3 potions of curing
 m - 3 potions of mutation
 n - a potion of resistance
 B - 2 potions of lignification
 E - 4 potions of might


   Skills:
 * Level 12.2 Fighting
 * Level 12.2 Long Blades
 - Level 5.0 Dodging
 - Level 4.0 Stealth
 * Level 10.3 Shields
 * Level 9.2 Spellcasting
 + Level 1.0 Translocations
 - Level 5.0 Ice Magic
 - Level 10.0 Invocations
 - Level 10.0 Evocations
 * Level 6.1 Shapeshifting


You had 13 spell levels left.
You knew the following spells:

 Your Spells              Type           Power      Damage    Failure   Level
a - Freeze                Ice            100%       1d10      1%          1
b - Frozen Ramparts       Ice            100%       1d16      1%          3
c - Summon Ice Beast      Ice/Summ       35%        N/A       4%          3
e - Lesser Beckoning      Tloc           48%        N/A       4%          2
r - Manifold Assault      Tloc           12%        N/A       100%        7
w - Ozocubu's Armour      Ice            52%        N/A       1%          3

Your spell library contained the following spells:

 Spells                   Type           Power      Damage    Failure   Level
 Magic Dart               Conj           68%        1d6       4%          1
 Shock                    Conj/Air       68%        1d7       4%          1
 Blink                    Tloc           48%        N/A       4%          2
 Call Imp                 Summ           34%        N/A       7%          2
 Sublimation of Blood     Necr           17%        N/A       7%          2
 Maxwell's Portable Pile  Tloc           24%        2d(7-20)  9%          3
 Teleport Other           Tloc           24%        N/A       9%          3
 Volatile Blastmotes      Fire/Tloc      40%        2d13      11%         3
 Call Canine Familiar     Summ           17%        N/A       14%         3
 Fugue of the Fallen      Necr           17%        N/A       14%         3
 Inner Flame              Hex/Fire       17%        N/A       14%         3
 Mephitic Cloud           Conj/Alch/Air  17%        N/A       14%         3
 Sigil of Binding         Hex            17%        N/A       14%         3
 Swiftness                Air            17%        N/A       14%         3
 Dimensional Bullseye     Hex/Tloc       10%        N/A       36%         4
 Airstrike                Air            8%         2d(2-18)  41%         4
 Flame Wave               Conj/Fire      17%        2d7       41%         4
 Leda's Liquefaction      Alch/Erth      8%         N/A       41%         4
 Petrify                  Alch/Erth      17%        N/A       41%         4
 Sticky Flame             Fire/Alch      17%        2d5       41%         4
 Summon Blazeheart Golem  Fire/Summ      17%        N/A       41%         4
 Metabolic Englaciation   Hex/Ice        17%        N/A       41%         5
 Summon Forest            Summ/Tloc      10%        N/A       71%         5
 Arcjolt                  Conj/Air       8%         1d18      77%         5
 Irradiate                Conj/Alch      8%         3d14      77%         5
 Eringya's Noxious Bog    Alch           8%         4d6       100%        6
 Starburst                Conj/Fire      8%         6d4       100%        6
 Orb of Destruction       Conj           8%         9d6       100%        7
 Spellforged Servitor     Conj/Summ      8%         N/A       100%        7
 Summon Hydra             Summ           8%         N/A       100%        7
 Maxwell's Capacitive Co  Air            8%         ∞         100%        8


Dungeon Overview and Level Annotations

Branches:
Dungeon (10/15)            Temple (1/1) D:7            Lair (5/5) D:8
  Swamp (1/4) Lair:2       Spider (0/4) Lair:2        Slime (0/5) Lair:4
    Orc (2/2) D:9             Elf (0/3) Orc:2         IceCv (1/1)

Altars:
Ashenzari
Cheibriados
Dithmenos
Elyvilon
Fedhas
Gozag
Hepliaklqana
Kikubaaqudgha
Makhleb
Nemelex Xobeh
Okawaru
Qazlal
Ru
Sif Muna
Trog
Uskayaw
Vehumet
Wu Jian
Xom
Yredelemnul
Zin
The Shining One

Shops:
D:7 (   D:9 =   Orc:1 (!(   Orc:2 ([*:


Innate Abilities, Weirdness & Mutations

You cannot wear most types of armour.
You are amphibious.
You can wear up to eight rings at the same time.
Your skin changes colour to match your surroundings (Stealth+).
Your rubbery body absorbs attacks. (AC +1, EV +1)
((You are camouflaged when in or above water. (Stealth+)))
You have tentacles for arms and can constrict up to eight enemies at once.


Message History

Press: ? - help, Dir - look around, f - activate You can feel time thicken for a moment.
The lindwurm simulacrum vaporises!
Cheibriados lowers the support of your attributes as your movement quickens.
The storm dragon simulacrum misses you. x2
You block the storm dragon simulacrum's attack.
Your ice beast hits the storm dragon simulacrum but does no damage.
Unknown command.
Unknown command.
Aiming: Throw Flame
Press: ? - help, Shift-Dir - straight line, f - storm dragon simulacrum
Aim: a storm dragon simulacrum (heavily damaged, ally target, 92% to hit)
The puff of flame hits the storm dragon simulacrum!
The storm dragon simulacrum melts!
The storm dragon simulacrum is severely damaged.
The storm dragon simulacrum bites you!
The storm dragon simulacrum freezes you!
You resist.
You block the storm dragon simulacrum's attack.
The storm dragon simulacrum barely misses you.
Your ice beast hits the storm dragon simulacrum but does no damage.
Unknown command.
Aiming: Throw Flame
Press: ? - help, Shift-Dir - straight line, f/p - storm dragon simulacrum
Aim: a storm dragon simulacrum (severely damaged, ally target, 92% to hit)
The puff of flame hits the storm dragon simulacrum but does no damage.
The storm dragon simulacrum is severely damaged.
The storm dragon simulacrum bites you!!
* * * LOW HITPOINT WARNING * * *
The storm dragon simulacrum freezes you.
You resist.
* * * LOW HITPOINT WARNING * * *
The storm dragon simulacrum claws you!
* * * LOW HITPOINT WARNING * * *
The storm dragon simulacrum freezes you!
You resist.
* * * LOW HITPOINT WARNING * * *
The storm dragon simulacrum tramples you!
You die...
Cheibriados appreciates the motionlessness of death.

#...#
...##
#...#
##...##
##.....##
#...∩...#
#....Y..#
##..∩Z.##
##.@.##
#####


You could see a storm dragon simulacrum (ally target) and a friendly ice beast
(summoned).

Vanquished Creatures
  An orc warlord (Orc:2)
  Snorg (D:10)
  Josephine (D:10)
  A catoblepas (Lair:4)
  A hydra (Lair:3)
  A ghost crab (Lair:2)
  Erica (D:10)
  A two-headed ogre (D:10)
  6 orc high priests
  Urug (D:10)
  A pharaoh ant (Lair:2)
  3 skysharks
  An obsidian bat (Orc:1)
  8 orc knights
  4 orc sorcerers
  A kobold blastminer (Orc:2)
  11 elephants
  3 black mambas
  A kobold demonologist (D:10)
  23 cane toads
  3 rime drakes
  3 unseen horror zombies (D:10)
  A torpor snail (Lair:2)
  4 komodo dragons
  A tyrant leech (Lair:5)
  2 polar bears
  A troll (Orc:2)
  17 blink frogs
  A jumping spider (Lair:2)
  2 meliai zombies (D:10)
  Sigmund (D:4)
  4 slime creatures (Lair:4)
  2 wyverns
  A vampire (D:8)
  2 shadows (D:10)
  3 wraiths (D:10)
  3 fire bats (Lair:4)
  3 basilisks
  26 yaks
  A redback (Lair:2)
  3 steam dragons
  4 vampire mosquitoes (Lair:5)
  2 wargs
  2 swamp worms (Swamp:1)
  An acid dragon (D:9)
  2 spectral cane toads (Lair:2)
  10 water moccasins
  A sky beast (D:6)
  A black bear (D:5)
  5 ice beasts
  29 orc warriors
  A spectral yak (Lair:2)
  2 ogres
  An ice dragon simulacrum (IceCv)
  A centaur (D:6)
  3 wolves (Lair:4)
  4 phantoms
  5 kobold brigands
  21 bullfrogs
  6 scorpions
  10 wights
  16 killer bees
  A lindwurm simulacrum (IceCv)
  A howler monkey (D:6)
  2 electric eels (D:10)
  3 bombardier beetles
  A bullfrog zombie (D:6)
  3 centaur zombies
  2 gnoll boudas
  25 orc priests
  2 hounds
  3 bullfrog skeletons (D:6)
  3 iguanas
  2 sleepcaps
  26 orc wizards
  16 gnolls
  5 howler monkey zombies
  4 adders
  2 river rats (D:8)
  3 white imps
  An ufetubus (D:7)
  4 dart slugs
  2 ribbon worms
  61 orcs
  9 ball pythons
  4 bats
  4 endoplasms
  A giant cockroach (D:4)
  12 goblins
  7 hobgoblins
  9 jackals
  32 kobolds
  5 quokkas
  5 frilled lizards
  A rat (D:3)
543 creatures vanquished.

Vanquished Creatures (collateral kills)
  A hydra (Lair:5)
  A skyshark (Lair:4)
  2 goliath frogs (Lair:5)
  A cyclops (Orc:1)
  The ghost of ddoljuk the Ruffian, a novice TrSh (D:6)
  3 elephants
  A black mamba (Lair:1)
  2 cane toads (Lair:5)
  A troll (Orc:1)
  9 blink frogs
  7 yaks
  3 wraiths
  A basilisk (Lair:4)
  A steam dragon (D:8)
  A water moccasin (Lair:5)
  4 orc warriors
  A sky beast (D:6)
  An ogre (Orc:1)
  3 bullfrogs
  A scorpion (Lair:2)
  A jelly (D:7)
  A water moccasin skeleton (D:6)
  3 killer bees (D:7)
  A spectral wolf (Lair:2)
  An electric eel (D:10)
  A centaur zombie (D:6)
  4 orc priests
  A bullfrog skeleton (D:6)
  3 orc wizards
  A gnoll (D:8)
  An ufetubus (D:7)
  4 orcs
  3 kobolds (D:9)
70 creatures vanquished.

Vanquished Creatures (others)
  A yak (Lair:4)
1 creature vanquished.

Grand Total: 614 creatures vanquished

Notes
Turn   | Place    | Note
-------+----------+-------------------------------------------
     0 | D:1      | 9stopf the Octopode Ice Elementalist began the quest for
                  | the Orb.
     0 | D:1      | Reached XP level 1. HP: 11/11 MP: 3/3
   167 | D:1      | Reached XP level 2. HP: 10/18 MP: 5/5
   449 | D:1      | Reached XP level 3. HP: 22/22 MP: 6/6
   451 | D:1      | Reached skill level 1 in Fighting
   496 | D:1      | Learned a level 3 spell: Frozen Ramparts
  1037 | D:2      | Reached XP level 4. HP: 28/28 MP: 7/7
  1055 | D:2      | Learned a level 3 spell: Summon Ice Beast
  1350 | D:3      | Reached XP level 5. HP: 21/33 MP: 2/9
  2640 | D:4      | Noticed Sigmund
  2646 | D:4      | Learned a level 3 spell: Ozocubu's Armour
  2654 | D:4      | Killed Sigmund
  2655 | D:4      | Reached skill level 5 in Ice Magic
  2655 | D:4      | Reached XP level 6. HP: 41/42 MP: 11/11
  2706 | D:4      | Reached XP level 7. HP: 47/47 MP: 12/12
  2876 | D:4      | Found a glowing silver altar of Zin.
  3398 | D:5      | Entered Level 5 of the Dungeon
  3499 | D:5      | Reached skill level 5 in Fighting
  3499 | D:5      | Reached skill level 5 in Spellcasting
  3574 | D:5      | Reached XP level 8. HP: 50/55 MP: 13/15
  4307 | D:6      | Reached skill level 1 in Evocations
  4468 | D:6      | Reached skill level 1 in Shields
  4510 | D:6      | Found a runed translucent door.
  4519 | D:6      | Noticed ddoljuk's ghost (novice TrSh)
  4536 | D:6      | Reached XP level 9. HP: 59/63 MP: 18/18
  4570 | D:6      | Identified 2 scrolls of acquirement
  4570 | D:6      | Acquired the ring of the Cricket {rElec rF+ rC+ rCorr
                  | Int+6}
  4592 | D:6      | Killed ddoljuk's ghost
  4603 | D:6      | Acquired 713 gold pieces
  5659 | D:7      | Reached skill level 5 in Evocations
  5722 | D:7      | Found Haalof's Weapon Emporium.
  5987 | D:7      | Found an ornate altar of the Wu Jian Council.
  6113 | D:7      | Reached XP level 10. HP: 71/71 MP: 20/20
  6211 | D:7      | Reached skill level 5 in Shields
  6251 | D:7      | Found a staircase to the Ecumenical Temple.
  6326 | Temple   | Entered the Ecumenical Temple
  6346 | Temple   | Became a worshipper of Cheibriados the Contemplative
  6506 | D:7      | Reached skill level 5 in Dodging
  6618 | D:7      | Found a faded altar of an unknown god.
  6620 | D:7      | Found a hazy altar of Hepliaklqana.
  6620 | D:7      | Found a faded altar of an unknown god.
  6785 | D:8      | Found a radiant altar of Vehumet.
  6927 | D:8      | Found a sacrificial altar of Ru.
  6933 | D:8      | Found a hide-covered altar of Uskayaw.
  6944 | D:8      | Reached skill level 1 in Invocations
  6945 | D:8      | Reached * piety under Cheibriados
  7414 | D:8      | Found a staircase to the Lair.
  7571 | Lair:1   | Entered Level 1 of the Lair of Beasts
  7863 | D:9      | Reached ** piety under Cheibriados
  8150 | D:9      | Found Nucuh's Jewellery Boutique.
  8158 | D:9      | Bought the amulet of Cahih {Acrobat rF++ rC+ rCorr Slay-2}
                  | for 763 gold pieces
  8303 | D:9      | Found a staircase to the Orcish Mines.
  8334 | D:9      | Identified the +4 sling of the Furious {speed, Dex+3}
  8343 | D:9      | Reached skill level 1 in Long Blades
  8482 | D:9      | Found an iron altar of Okawaru.
  8606 | Lair:1   | Reached XP level 11. HP: 38/77 MP: 20/23
  8607 | Lair:1   | Reached *** piety under Cheibriados
  8619 | Lair:1   | Reached skill level 5 in Invocations
  8760 | Lair:1   | Acquired a manual of Shapeshifting
  9741 | Lair:2   | Noticed a pharaoh ant
  9785 | Lair:2   | Reached **** piety under Cheibriados
  9967 | Lair:2   | Reached skill level 10 in Evocations
 10113 | Lair:2   | Noticed a ghost crab
 10177 | Lair:2   | Killed a ghost crab
 10178 | Lair:2   | Reached XP level 12. HP: 72/82 MP: 24/24
 10210 | Lair:2   | Found a staircase to the Swamp.
 10336 | Lair:2   | Reached skill level 5 in Long Blades
 10453 | Lair:2   | Found a hole to the Spider Nest.
 10469 | Lair:2   | Learned a level 2 spell: Lesser Beckoning
 10809 | Lair:3   | Noticed a skyshark
 10832 | Lair:3   | Killed a skyshark
 11009 | Lair:3   | Noticed a six-headed hydra
 11108 | Lair:3   | Reached ***** piety under Cheibriados
 11113 | Lair:3   | Reached skill level 10 in Invocations
 11287 | Lair:3   | Killed a six-headed hydra
 12235 | Lair:4   | Found a staircase to the Slime Pits.
 12267 | Lair:4   | Reached XP level 13. HP: 90/90 MP: 25/25
 12601 | Lair:4   | Reached skill level 10 in Fighting
 13276 | Lair:5   | Entered Level 5 of the Lair of Beasts
 13513 | Lair:5   | Reached ****** piety under Cheibriados
 14023 | Lair:5   | Reached XP level 14. HP: 72/101 MP: 24/26
 14513 | Lair:5   | Reached skill level 10 in Long Blades
 14615 | Lair:5   | Got the Guide on Injurious Wanderlust
 14753 | Lair:5   | Reached skill level 10 in Shields
 15097 | Orc:1    | Entered Level 1 of the Orcish Mines
 15356 | Orc:2    | Entered Level 2 of the Orcish Mines
 15356 | Orc:2    | Found a staircase to the Elven Halls.
 15633 | Orc:1    | Found Nohev's Antique Weapon Shop.
 15745 | Orc:1    | Found Pegar's Antique Weapon Shoppe.
 15746 | Orc:1    | Found Ygota's Distillery.
 15779 | Orc:1    | Bought 2 potions of lignification for 96 gold pieces
 15779 | Orc:1    | Bought a potion of might for 64 gold pieces
 15779 | Orc:1    | Bought a potion of curing for 48 gold pieces
 16055 | Orc:2    | Noticed an orc warlord
 16076 | Orc:2    | Reached skill level 1 in Shapeshifting
 16077 | Orc:2    | Killed an orc warlord
 16449 | Orc:2    | Found a radiant altar of Vehumet.
 17184 | Orc:2    | Found Tuff's General Store.
 17185 | Orc:2    | Found Joceny's Book Emporium.
 17187 | Orc:2    | Found Catau's Antique Armour Emporium.
 17187 | Orc:2    | Found Nysuhuf's Antique Weapon Shoppe.
 17192 | Orc:2    | Bought a double sword for 495 gold pieces
 17206 | Orc:2    | Bought a potion of resistance for 160 gold pieces
 17223 | Orc:2    | Reached skill level 5 in Shapeshifting
 17375 | D:10     | Entered Level 10 of the Dungeon
 17699 | D:10     | Found a basalt altar of Yredelemnul.
 17758 | D:10     | Reached XP level 15. HP: 108/108 MP: 27/27
 17899 | D:10     | Noticed Erica
 17907 | D:10     | Killed Erica
 18075 | D:10     | Learned a level 7 spell: Manifold Assault
 18091 | D:10     | Noticed Snorg
 18360 | D:10     | Noticed Urug
 18368 | D:10     | Noticed Josephine
 18372 | D:10     | Killed Urug
 18375 | D:10     | Killed Josephine
 18828 | D:10     | Killed Snorg
 19050 | Swamp:1  | Entered Level 1 of the Swamp
 19060 | Swamp:1  | Found a glacial archway.
 19062 | Swamp:1  | Reached skill level 1 in Translocations
 19073 | IceCv    | Entered an ice cave
 19087 | IceCv    | Slain by a storm dragon simulacrum

Illustrated notes

Levels and vault maps discovered:
D:1:      minmay_arrival_shoal_huts, layout_basic
D:2:      layout_rooms, minmay_close_crescents
D:3:      layout_basic
D:4:      layout_basic, mainiacjoe_overflow_tiny_flanked, serial_bayou_crossing,
          uniq_sigmund
D:5:      layout_loops_ring
D:6:      layout_cave_pods, serial_undead, serial_undead_e, serial_undead_a,
          serial_undead_a, serial_undead_c, serial_undead_f, serial_undead_c,
          ebering_ghost_sewer_d, kennysheep_big_empty_room
D:7:      layout_gridville, old_standard_altar,
          nicolae_hepliaklqana_ecumenical_no_more, temple_statues, serial_shops,
          shop, kennysheep_generic_room_6
D:8:      layout_basic, nicolae_ru_awakened_eye, vehumet_altar_wand_db,
          eat_drink_and_be_merry_uskayaw, dpeg_lair_monsters, nzn_life_drinkers
D:9:      layout_roguey, lemuel_doored_altar, orc_0_dummy, serial_shops,
          nicolae_shop_gaudy_bauble
D:10:     layout_stronghold, nicolae_yredelemnul_corpse_copse, serial_bayou,
          serial_bayou_lake_a, serial_bayou_shore_a, serial_bayou_pond_b,
          serial_bayou_pond_a, hangedman_decor_slide_cut,
          serial_library_hellmonk_open_cross, dreamdust_mushroom_princess,
          grunt_ministairs_5, uniq_erica, uniq_josephine, uniq_urug, uniq_snorg
Temple:   nicolae_temple_bog_church
Lair:1:   layout_hall_layers, lemuel_fruit_tree
Lair:2:   layout_regular_city, nicolae_swamp_entry_spooky,
          nicolae_spider_entry_lesser_pyramids, minivault_23,
          bh_autumn_forest_stairs, grunt_megastairs_2
Lair:3:   layout_chaotic_city, lemuel_fruit_fields, grunt_megastairs_4,
          infiniplex_staircase_pool_2
Lair:4:   layout_gridlike, minmay_slime_entry_pillars,
          nicolae_volcano_entry_batcave, kennysheep_catoblepas_arena
Lair:5:   minmay_lair_end_frog_pond, layout_small_grid
Swamp:1:  layout_basic_swamp, portal_ice_cave_entry_pillars_three,
          serial_swamp_ruin, evilmike_swamp_ruin_house_4,
          hangedman_swamp_ruin_hall
Orc:1:    layout_diamond_mine, guppyfry_orc_lava_fort
Orc:2:    st_orc_congregation, layout_caves, basic_altar
IceCv:    ice_cave_small_dragons

Skill      XL: |  1  2  3  4  5  6  7  8  9 10 11 12 13 14 15 |
---------------+----------------------------------------------+-----
Stealth        | 3 4 |  4.0
Fighting       | 1 3 5 6 7 8 9 11 12 | 12.2
Dodging        | 3 4 5 |  5.0
Spellcasting   | 3 5 6 8 9 |  9.2
Ice Magic      | 5 |  5.0
Evocations     | 2 5 7 10 | 10.0
Shields        | 1 4 5 7 9 10 | 10.3
Invocations    | 4 8 10 | 10.0
Long Blades    | 1 4 7 9 12 | 12.2
Shapeshifting  | 5 6 |  6.1
Translocations | 1 |  1.0

Action                     |  1- 3 |  4- 6 |  7- 9 | 10-12 | 13-15 || total
---------------------------+-------+-------+-------+-------+-------++-------
  Melee: Unarmed           |    25 |       |       |       |       ||    25
         Constrict         |    21 |    16 |    44 |    52 |   106 ||   239
         Tentacles         |    12 |     6 |    60 |   120 |   156 ||   354
         Dagger            |    42 |    47 |    11 |       |       ||   100
         Short sword       |       |       |   212 |   372 |   359 ||   943
         Double sword      |       |       |       |       |   124 ||   124
         Scimitar          |       |       |       |       |     5 ||     5
  Throw: Dart              |       |       |       |       |     1 ||     1
   Cast: Freeze            |     6 |       |       |       |       ||     6
         Frozen Ramparts   |     1 |     8 |    12 |    44 |    63 ||   128
         Ozocubu's Armour  |       |     1 |     7 |    40 |    54 ||   102
         Summon Ice Beast  |       |       |    19 |    41 |    44 ||   104
 Invoke: Slouch            |       |       |       |       |    17 ||    17
  Evoke: Wand              |       |       |       |    12 |    27 ||    39
    Use: Scroll            |       |     8 |     8 |    11 |     9 ||    36
         Potion            |       |       |     2 |     2 |     1 ||     5
   Stab: Sleeping          |     7 |     7 |    11 |     7 |     6 ||    38
         Distracted        |       |       |       |     6 |    11 ||    17
 Armour: Skin              |    23 |    15 |    80 |   120 |   142 ||   380
  Dodge: Dodged            |    49 |    32 |   127 |   303 |   364 ||   875
  Block: Other             |     6 |     7 |    12 |       |       ||    25
         Buckler           |       |       |    76 |   192 |       ||   268
         Reflection        |       |       |     1 |     7 |       ||     8
         Kite shield       |       |       |       |    65 |   512 ||   577

Table legend: (Time is in decaauts)
 A = Elapsed time spent in this place.
 B = Non-inter-level travel time spent in this place.
 C = Inter-level travel time spent in this place.
 D = Time resting spent in this place.
 E = Time spent auto-exploring this place.
 F = Levels seen in this place.
 G = Mean time per level.
                   A        B        C        D        E       F      G
               +--------+--------+--------+--------+--------+-----+--------+
         Total |  24141 |  22043 |   2098 |    894 |  16032 |  20 | 1207.1 |
       Dungeon |  11587 |  10474 |   1113 |     77 |   8307 |  10 | 1158.7 |
        Temple |     44 |      3 |     41 |      0 |      0 |   1 |   44.0 |
          Lair |   9444 |   8789 |    655 |    351 |   6264 |   5 | 1888.8 |
         Swamp |     34 |     34 |      0 |      0 |      0 |   1 |   34.0 |
  Orcish Mines |   3013 |   2724 |    289 |    466 |   1460 |   2 | 1506.5 |
      Ice Cave |     16 |     16 |      0 |      0 |      0 |   1 |   16.0 |
               +--------+--------+--------+--------+--------+-----+--------+

Top non-repeatable levels by time:
  Lair:2: 2363 daAuts
  Lair:5: 2248 daAuts
    D:10: 2209 daAuts
  Lair:4: 2197 daAuts
   Orc:1: 1722 daAuts
  Lair:3: 1607 daAuts
     D:9: 1454 daAuts
     D:6: 1349 daAuts
     D:3: 1302 daAuts
   Orc:2: 1291 daAuts
     D:7: 1246 daAuts
     D:8: 1112 daAuts
  Lair:1: 1027 daAuts
     D:1: 847 daAuts
     D:5: 820 daAuts
